AoeStats
← 150490644@

Arabia

508962602Analyzed
1v1 RM · 7d ago on Sep 24, 2026· 40m 46s· 2 players
Game mode
Random Map
Map size
Tiny (2 player)
Population
200
Speed
Normal
Resources
Standard
Victory
Conquest
Starting age
Dark Age
Ending age
Imperial Age
RankedLock teamsTeams togetherTeam positionsShared explorationLock speedFull tech treeHidden civsTurbo modeCheats
Victory
Defeat
🇨🇦 Lithuanians · Canada
1017
+15
🇮🇹 Franks · Italy
993
-15
150490644@
7:29 Loom
9:42 Feudal Age
10:17 Double-Bit Axe
17:17 Wheelbarrow
17:11 Gold Mining
19:04 Gold Mining
19:41 Scale Barding Armor
19:47 Forging
21:44 Castle Age
23:00 Bow Saw
22:24 Pikeman
23:04 Squires
23:58 Scale Mail Armor
25:56 Gold Shaft Mining
27:13 Hand Cart
28:04 Chain Mail Armor
28:25 Iron Casting
28:22 Fervor
30:02 Husbandry
30:12 Devotion
32:09 Heresy
32:12 Sanctity
34:09 Herbal Medicine
34:43 Town Watch
35:11 Stone Mining
35:52 Chain Barding Armor
41:21 Imperial Age
39:10 Arson
Are you hydrated?
10:31 Feudal Age
8:47 Loom
11:23 Double-Bit Axe
17:10 Horse Collar
19:44 Castle Age
19:08 Bloodlines
19:07 Scale Barding Armor
21:34 Bow Saw
26:18 Wheelbarrow
26:08 Chain Barding Armor
26:05 Husbandry
26:18 Pikeman
28:30 Light Cavalry
29:31 Atonement
33:34 Heavy Plow
33:47 Forging
37:01 Imperial Age
35:11 Iron Casting
37:13 Padded Archer Armor
38:42 Chemistry
37:16 Cavalier
39:14 Plate Barding Armor
38:02 Winged Hussar
Connection lost

Rejoining the realm…

Still unreachable

The connection could not be restored.

Session expired

The server has moved on; the page needs a fresh start.